 Dungeon Crawl Stone Soup version 0.28.0 (webtiles) character file.

Game seed: 10044444120357302524

132 browni3141 the Shield-Bearer (level 4, -8/41 HPs)
             Began as a Minotaur Fighter on Feb 14, 2022.
             Killed by divine providence
             ... invoked by an orc priest
              (13 damage)
             ... on level 3 of the Dungeon.
             The game lasted 00:01:00 (2071 turns).

browni3141 the Shield-Bearer (Minotaur Fighter)     Turns: 2071, Time: 00:01:01

Health: -8/41      AC:  7    Str: 21    XL:     4   Next: 92%
Magic:  12/12      EV:  9    Int: 11    God:
Gold:   103        SH:  5    Dex: 11    Spells: 3/3 levels left

rFire   . . .      SeeInvis .   a - +0 war axe
rCold   . . .      Faith    .   c - +0 buckler
rNeg    . . .      Spirit   .   b - +0 scale mail
rPois   .          Reflect  .   (helmet restricted)
rElec   .          Harm     .   (no cloak)
rCorr   .          Rampage  .   (no gloves)
Will    .....                   (no boots)
Stlth   ..........              (no amulet)
HPRegen 0.13/turn               i - ring of magical power
MPRegen 0.13/turn               k - +6 ring of intelligence

@: no status effects
A: horns 2, retaliatory headbutt
a: no special abilities


You were on level 3 of the Dungeon.
You visited 1 branch of the dungeon, and saw 3 of its levels.

You collected 103 gold pieces.

Inventory:

Hand Weapons
 a - a +0 war axe (weapon)
Armour
 b - a +0 scale mail (worn)
 c - a +0 buckler (worn)
Jewellery
 i - a ring of magical power (left hand)
 k - a +6 ring of intelligence (right hand)
Scrolls
 e - a scroll of summoning {unknown}
 g - 2 scrolls of immolation {unknown}
 h - a scroll of blinking {unknown}
 j - a scroll of identify {unknown}
 l - a scroll of silence {unknown}
 n - a scroll of amnesia {unknown}
 r - a scroll of enchant weapon {unknown}
Potions
 d - 3 potions of might
 f - 2 potions of ambrosia {unknown}
 m - a potion of mutation {unknown}
 o - a potion of heal wounds {unknown}
 p - 2 potions of invisibility {unknown}
 q - a potion of attraction {unknown}


   Skills:
 + Level 4.6 Fighting
 + Level 3.7 Axes
 + Level 4.6 Armour
 + Level 4.7 Shields


You had 3 spell levels left.
You didn't know any spells.
Your spell library contained the following spells:

 Spells                   Type           Power      Damage    Failure   Level
 Static Discharge         Conj/Air       0%         N/A       88%         2
 Gell's Gravitas          Tloc           0%         N/A       98%         3
 Lesser Beckoning         Tloc           0%         N/A       98%         3
 Teleport Other           Tloc           0%         N/A       98%         3
 Dispel Undead            Necr           0%         3d6       100%        4
 Sticky Flame             Conj/Fire      0%         2d3       100%        4


Dungeon Overview and Level Annotations

Branches:
Dungeon (3/15)

Altars:
Trog


Innate Abilities, Weirdness & Mutations

You have a pair of horns on your head.
You reflexively headbutt those who attack you in melee.


Message History

You kill the orc!
The orc shouts!
You hear a shout!
You block the quokka's attack.
You see here a +0 club.
You closely miss the quokka. Your headbutt misses the quokka.
An orc priest comes into view. It is wielding a +0 dagger.
You block the quokka's attack.
The orc priest mumbles some strange prayers to Beogh against you.
Beogh smites you!
You hit the quokka but do no damage.
The quokka bites you but does no damage.
The orc priest invokes the aid of Beogh against you.
Beogh smites you!
The quokka bites you but does no damage.
The orc hits you with a +0 club.
You slash the orc!
You kill the orc!
You slash the quokka!
You kill the quokka!
You see here a +0 club.
You hit the orc priest.
The orc priest is lightly wounded.
The orc priest hits you but does no damage.
The orc priest mumbles some strange prayers to Beogh against you.
Beogh smites you!
* * * LOW HITPOINT WARNING * * *
Unknown command.
You slash the orc priest! You headbutt the orc priest.
The orc priest is almost dead.
The orc priest begins to cast a cantrip, but forgets the words!
You are too injured to fight recklessly!
You barely miss the orc priest.
The orc priest is almost dead.
The orc priest closely misses you.
You barely miss the orc priest.
The orc priest is almost dead.
You block the orc priest's attack.
The orc priest calls down the wrath of Beogh upon you.
Beogh smites you!
You die...

....# ....### #
....... o####
.....# .... .....
#
8.#####.##...#...
.?.....o.#.......
......†@)...<....
#######)<#.#.####
#.....†........
+........##.###
#.............
######..#.#.###
...#.# .. ...#+#
. .....


You could see an orc priest.

Vanquished Creatures
  A scorpion (D:2)
  2 adders
  2 dart slugs
  3 orcs (D:3)
  3 bats
  2 endoplasms (D:1)
  4 giant cockroaches
  4 goblins (D:1)
  4 hobgoblins (D:1)
  5 jackals (D:2)
  5 kobolds
  4 quokkas
  2 ball pythons
  4 frilled lizards
  A rat (D:2)
46 creatures vanquished.

Vanquished Creatures (others)
  9 plants (D:2)
9 creatures vanquished.

Grand Total: 55 creatures vanquished

Notes
Turn   | Place    | Note
-------+----------+-------------------------------------------
     0 | D:1      | browni3141 the Minotaur Fighter began the quest for the
                  | Orb.
     0 | D:1      | Reached XP level 1. HP: 19/19 MP: 0/0
    77 | D:1      | Reached XP level 2. HP: 25/27 MP: 1/1
   416 | D:1      | Reached XP level 3. HP: 24/33 MP: 2/2
   955 | D:2      | Found a bloodstained altar of Trog.
  1154 | D:2      | Found a faded altar of an unknown god.
  1394 | D:2      | Noticed a scorpion
  1403 | D:2      | Killed a scorpion
  1404 | D:2      | Reached XP level 4. HP: 15/41 MP: 3/3
  2071 | D:3      | Killed from afar by an orc priest

Illustrated notes

Levels and vault maps discovered:
D:1:      minmay_arrival_nine_rooms, layout_rooms, st_stairs_2, minmay_circled_x
D:2:      layout_loops_corners, hellmonk_ecumenical_altar_dog_temple,
          serial_bayou, serial_bayou_pond_b, serial_bayou_pond_e,
          serial_bayou_lagoon_b, serial_bayou_crossing, basic_altar,
          minmay_tromino_i4
D:3:      layout_basic, fedhas_altar_2, serial_undead, serial_undead_e,
          serial_undead_d, serial_undead_c, serial_undead_c

Skill      XL: |  1  2 |
---------------+-------+-----
Fighting       | 4 |  4.6
Shields        | 4 |  4.7
Armour         | 4 |  4.6
Axes           | 3 |  3.7

Action                   |  1- 3 |  4- 6 || total
-------------------------+-------+-------++-------
Melee: War axe           |    81 |    17 ||    98
       Headbutt          |    15 |     5 ||    20
Armor: Scale mail        |    50 |     9 ||    59
Dodge: Dodged            |    52 |    10 ||    62
Block: Buckler           |    26 |     7 ||    33
